 Dungeon Crawl Stone Soup version 0.31.0-12-g77e489cdc1 (webtiles) character file.

Game seed: 14278309312863149488

51 Gadfly the Trooper (level 3, -2/40 HPs)
             Began as an Oni Berserker on Mar 2, 2024.
             Was a Believer of Trog.
             Slain by a gnoll
             ... wielding a +0 halberd
              (9 damage)
             ... on level 2 of the Dungeon.
             The game lasted 00:01:34 (1103 turns).

Gadfly the Trooper (Oni Berserker)                  Turns: 1103, Time: 00:01:34

Health: -2/40      AC:  3    Str: 21    XL:     3   Next: 81%
Magic:  3/3        EV: 10    Int:  8    God:    Trog [**....]
Gold:   61         SH:  0    Dex: 10    Spells: 2/2 levels left

rFire   . . .        a - +0 mace
rCold   . . .        (no shield)
rNeg    . . .        b - +0 animal skin
rPois   .            (helmet restricted)
rElec   .            (no cloak)
rCorr   .            (gloves unavailable)
SInv    .            (boots unavailable)
Will    .....        (no amulet)
Stlth   +            (no ring)
HPRegen 0.26/turn    (no ring)
MPRegen 0.08/turn

%: no passive effects
@: no status effects
A: large, unfitting armour, horns 1, tough skin 1, double potion healing,
drunken brawling
a: Renounce Religion, Berserk, Trog's Hand


You were on level 2 of the Dungeon.
You worshipped Trog.
Trog was pleased with you.
You visited 1 branch of the dungeon, and saw 2 of its levels.

You collected 61 gold pieces.

Inventory:

Hand Weapons
 a - a +0 mace (weapon)
Armour
 b - a +0 animal skin (worn)
Potions
 c - a potion of invisibility {unknown}
 d - a potion of might {unknown}
 e - a potion of curing {unknown}
 f - a potion of attraction {unknown}
 g - a potion of enlightenment {unknown}


   Skills:
 + Level 4.4 Fighting
 * Level 3.4 Maces & Flails
 * Level 1.3 Armour
 - Level 2.6 Dodging
 * Level 1.3 Evocations


You had 2 spell levels left.
You didn't know any spells.
Your spell library was empty.

Dungeon Overview and Level Annotations

Branches:
Dungeon (2/15)

Altars:


Innate Abilities, Weirdness & Mutations

You are too large for most types of armour.
You have a pair of small horns on your head.
You have tough skin. (AC +1)
You gain doubled healing and magic from potions.
Whenever you drink a healing potion, you attack all around you.


Message History

You hit the gnoll but do no damage.
The gnoll is moderately wounded.
The gnoll hits you from afar with a +0 halberd!
An endoplasm comes into view.
The gnoll hits you with a +0 spear.
You are too injured to fight recklessly!
You are too injured to fight recklessly!
You are too injured to fight recklessly!
You are too injured to fight recklessly!
You are too injured to fight recklessly!
You are too injured to fight recklessly!
You are too injured to fight recklessly!
You are too injured to fight recklessly!
You are too injured to fight recklessly!
You are too injured to fight recklessly!
You are too injured to fight recklessly!
You are too injured to fight recklessly!
You are too injured to fight recklessly!
You are too injured to fight recklessly!
You are too injured to fight recklessly!
You are too injured to fight recklessly!
You are too injured to fight recklessly!
Unknown command.
You sock the gnoll!
You kill the gnoll!
Trog accepts your kill.
The gnoll hits you from afar with a +0 halberd!
* * * LOW HITPOINT WARNING * * *
The gnoll closely misses you.
Unknown command.
The gnoll attacks as it pursues you!
The gnoll hits you from afar with a +0 halberd!
* * * LOW HITPOINT WARNING * * *
A kobold comes into view. It is wielding a +0 dagger.
The kobold shouts!
There is an open door here.
You open the door. The gnoll attacks as it pursues you!
The gnoll hits you from afar with a +0 halberd!
You die...

##.###### #.....# #.#
#.....# #.# #.....# ##'##
#.....### ##[.)##
##......# ##.....##
####.†..#.# .###.......##
#......##.#
..#.........###....####<#
.........K..@.......###.#
..#.........###.........#
.#.#......g## #.#.#######
.###.....## #.## #.#
##..g## #.# #.# ##g## #.#
#J# #.# #.# #g#
#####.##### #.# #.#
#.g.g...).# #.#


You could see 3 gnolls and a kobold.

Vanquished Creatures
  A gnoll (D:2)
  A dart slug (D:1)
  5 ball pythons
  A bat (D:1)
  7 endoplasms
  2 giant cockroaches (D:1)
  4 goblins (D:1)
  2 hobgoblins (D:1)
  A quokka (D:1)
  2 frilled lizards (D:1)
  5 kobolds
  5 rats
36 creatures vanquished.

Notes
Turn   | Place    | Note
-------+----------+-------------------------------------------
     0 | D:1      | Gadfly the Oni Berserker began the quest for the Orb.
     0 | D:1      | Reached XP level 1. HP: 24/24 MP: 1/1
    61 | D:1      | Reached XP level 2. HP: 5/32 MP: 2/2
   327 | D:1      | Reached skill level 1 in Armour
   369 | D:1      | Reached skill level 1 in Evocations
   394 | D:1      | Reached XP level 3. HP: 39/39 MP: 3/3
   569 | D:1      | Reached ** piety under Trog
  1103 | D:2      | Slain by a gnoll

Illustrated notes

Levels and vault maps discovered:
D:1:      mrwooster_arrival_arrow, layout_basic, grunt_decor_junction,
          chequers_garden, minmay_nonomino_d4
D:2:      layout_loops_corners, serial_shops, nicolae_shop_statue_plus

Skill      XL: |  1  2 |
---------------+-------+-----
Armour         | 1 |  1.3
Evocations     | 1 |  1.3
Fighting       | |  4.4
Maces & Flails | |  3.4
Dodging        | |  2.6

Action                     || total
---------------------------++-------
  Melee: Mace              ||    75
         Headbutt          ||     6
    Use: Scroll            ||     2
   Stab: Sleeping          ||     1
 Armour: Animal skin       ||    55
  Dodge: Dodged            ||    26
